 Dungeon Crawl Stone Soup version 0.28.0-1-gb440e238dd (webtiles) character file.

Game seed: 1934285872805447740

2026 themarg the Destroyer (level 9, -2/48 HPs)
             Began as a Tengu Conjurer on Feb 21, 2022.
             Was an Initiate of Vehumet.
             Killed from afar by an electric eel (8 damage)
             ... with a bolt of electricity
             ... on level 7 of the Dungeon.
             The game lasted 00:31:19 (8721 turns).

themarg the Destroyer (Tengu Conjurer)              Turns: 8721, Time: 00:31:20

Health: -2/48      AC:  4    Str:  8    XL:     9   Next: 23%
Magic:  18/20      EV: 16    Int: 23    God:    Vehumet [......]
Gold:   308        SH:  0    Dex: 12    Spells: 12/21 levels left

rFire   . . .      SeeInvis +   x - +2 short sword (venom)
rCold   + . .      Faith    .   (no shield)
rNeg    . . .      Spirit   .   a - +0 robe
rPois   .          Reflect  .   (helmet restricted)
rElec   .          Harm     .   i - +0 cloak
rCorr   .          Rampage  .   u - +0 pair of gloves
Will    .....                   (boots unavailable)
Stlth   ++........              (no amulet)
HPRegen 0.16/turn               l - ring of see invisible
MPRegen 0.17/turn               n - ring of protection from cold

@: flying quickly and evasively, quick
A: beak, talons 3, nimble flight
a: Renounce Religion


You were on level 7 of the Dungeon.
You worshipped Vehumet.
Vehumet was noncommittal.
You visited 2 branches of the dungeon, and saw 8 of its levels.

You collected 546 gold pieces.
You spent 238 gold pieces at shops.

Inventory:

Hand Weapons
 m - a +0 dagger of venom
 x - a +2 short sword of venom (weapon)
Missiles
 e - 202 stones
Armour
 a - a +0 robe (worn)
 i - a +0 cloak (worn)
 u - a +0 pair of gloves (worn)
Jewellery
 l - a ring of see invisible (left hand)
 n - a ring of protection from cold (right hand)
Wands
 r - a wand of charming (14)
 v - a wand of paralysis (16)
 w - a wand of iceblast (10)
Scrolls
 g - a scroll of blinking {unknown}
 h - 3 scrolls of teleportation
 j - 2 scrolls of fear {unknown}
 k - a scroll of enchant armour {unknown}
 o - a scroll of acquirement {unknown}
 p - 2 scrolls of fog
 q - 3 scrolls of identify
 s - a scroll of enchant weapon
 t - a scroll of magic mapping
Potions
 b - 2 potions of magic
 c - 3 potions of heal wounds
 d - 3 potions of might
 f - a potion of lignification


   Skills:
 + Level 1.9 Fighting
 + Level 1.9 Short Blades
 + Level 0.2 Axes
 + Level 4.4 Dodging
 + Level 4.2 Stealth
 + Level 6.8 Spellcasting
 + Level 10.9 Conjurations


You had 12 spell levels left.
You knew the following spells:

 Your Spells              Type           Power      Damage    Failure   Level
a - Magic Dart            Conj           100%       1d8       1%          1
b - Searing Ray           Conj           100%       2d8       1%          2
c - Dazzling Flash        Conj/Hex       66%        N/A       2%          3
d - Stone Arrow           Conj/Erth      66%        3d11      2%          3

Your spell library contained the following spells:

 Spells                   Type           Power      Damage    Failure   Level
 Animate Skeleton         Necr           14%        N/A       8%          1
 Pain                     Necr           28%        1d5       8%          1
 Sandblast                Erth           14%        2d6       8%          1
 Fulminant Prism          Conj/Hex       16%        3d11      9%          4
 Iskenderun's Mystic Bla  Conj/Tloc      33%        2d8       9%          4
 Passwall                 Tmut/Erth      5%         N/A       12%         2
 Gell's Gravitas          Tloc           7%         N/A       24%         3
 Lesser Beckoning         Tloc           7%         N/A       24%         3
 Teleport Other           Tloc           7%         N/A       24%         3
 Vampiric Draining        Necr           7%         2d6       24%         3


Dungeon Overview and Level Annotations

Branches:
Dungeon (7/15)             Temple (1/1) D:5

Altars:
Ashenzari
Cheibriados
Fedhas
Gozag
Kikubaaqudgha
Makhleb
Nemelex Xobeh
Okawaru
Qazlal
Ru
Vehumet
Wu Jian
Yredelemnul
Zin
The Shining One

Shops:
D:7 ?


Innate Abilities, Weirdness & Mutations

You have a beak for a mouth.
You have claws for feet.
Your magical nature lets you fly swiftly and evasively.


Message History

Press: ? - help, Shift-Dir - straight line, f - centaur
Aim: a centaur, quivering arrows (asleep, 100% to hit)
The magic dart hits the centaur.
The centaur is lightly wounded.
The centaur shouts!
The centaur wields a +0 shortbow.
The centaur shoots an arrow.
The arrow hits you!
Casting: Magic Dart (safe; 1% risk of failure)
Confirm with . or Enter, or press ? or * to list all spells.
Aiming: Magic Dart (safe; 1% risk of failure)
Press: ? - help, Shift-Dir - straight line, f/p - centaur
Aim: a centaur, wielding a +0 shortbow and quivering arrows (lightly wounded, 100% to hit)
The magic dart hits the centaur.
The centaur is moderately wounded.
The centaur shoots an arrow.
The arrow hits you.
Casting: Magic Dart (safe; 1% risk of failure)
Confirm with . or Enter, or press ? or * to list all spells.
Aiming: Magic Dart (safe; 1% risk of failure)
Press: ? - help, Shift-Dir - straight line, f/p - centaur
Aim: a centaur, wielding a +0 shortbow and quivering arrows (moderately wounded, 100% to hit)
The magic dart hits the centaur.
The centaur is heavily wounded.
The centaur shoots an arrow.
The arrow hits you!
Casting: Magic Dart (safe; 1% risk of failure)
Confirm with . or Enter, or press ? or * to list all spells.
Aiming: Magic Dart (safe; 1% risk of failure)
Press: ? - help, Shift-Dir - straight line, f/p - centaur
Aim: a centaur, wielding a +0 shortbow and quivering arrows (heavily wounded, 100% to hit)
The magic dart hits the centaur.
The centaur is heavily wounded.
The centaur shoots an arrow.
The arrow hits you!
The centaur shoots an arrow.
The arrow hits you!
* * * LOW HITPOINT WARNING * * *
You start resting.
An electric eel is nearby!
The electric eel shoots out a bolt of lightning at you!
The bolt of electricity hits the plant!
The plant begins to die.
The bolt of electricity hits the plant!!
The plant begins to die.
The bolt of electricity hits you!
You die...

####### ####.....##
#.........## ...........#
...........+ ..≈≈≈.....#
.... # ..≈.≈.....#...P..P≈≈≈
.. #c#....@#..≈P≈≈P≈≈≈##
.....#$#.....#..≈≈≈≈≈≈P...##
.....#.#.......≈≈≈≈≈P≈≈....#
.....#P#.......≈≈≈≈≈≈≈.....#
..........)..P≈≈≈≈≈≈.......#
####........≈P≈≈≈≈≈.......##
#...........≈≈≈≈≈≈P≈.......)
#............S≈≈≈≈.......∩##
#....'......≈≈≈≈≈≈≈.......##


You could see an electric eel.

Vanquished Creatures
  A wyvern (D:5)
  A water moccasin (D:7)
  A black bear (D:5)
  An ice beast (D:6)
  2 necrophages
  A centaur (D:5)
  3 ogres
  2 phantoms
  A kobold brigand (D:7)
  A scorpion (D:5)
  A wyvern skeleton (D:7)
  A howler monkey (D:4)
  A hound (D:5)
  A bullfrog zombie (D:6)
  2 orc priests
  3 bullfrog skeletons
  A gnoll shaman (D:7)
  Terence (D:3)
  A scorpion zombie (D:5)
  2 iguanas
  5 orc wizards
  A hound skeleton (D:4)
  6 adders
  6 gnolls
  A shadow imp (D:6)
  3 ufetubi (D:6)
  An adder skeleton (D:4)
  A worm (D:3)
  A dart slug (D:2)
  17 orcs
  10 endoplasms
  3 giant cockroaches
  8 goblins
  7 hobgoblins
  7 jackals
  16 kobolds
  6 quokkas
  7 ball pythons
  5 bats
  2 frilled lizards
  5 rats
146 creatures vanquished.

Notes
Turn   | Place    | Note
-------+----------+-------------------------------------------
     0 | D:1      | themarg the Tengu Conjurer began the quest for the Orb.
     0 | D:1      | Reached XP level 1. HP: 10/10 MP: 4/4
   339 | D:1      | Reached XP level 2. HP: 13/15 MP: 6/6
   372 | D:1      | Learned a level 2 spell: Searing Ray
   430 | D:1      | Reached skill level 6 in Conjurations
   837 | D:1      | Reached XP level 3. HP: 19/19 MP: 4/7
  2167 | D:3      | Reached XP level 4. HP: 24/24 MP: 5/8
  2204 | D:3      | Reached skill level 7 in Conjurations
  2396 | D:3      | Noticed Terence
  2406 | D:3      | Killed Terence
  2407 | D:3      | Gained mutation: Your magical nature lets you fly swiftly
                  | and evasively. [Tengu growth]
  2407 | D:3      | Reached XP level 5. HP: 3/28 MP: 1/10
  3451 | D:3      | Noticed a necrophage
  3508 | D:3      | Killed a necrophage
  3509 | D:3      | Reached XP level 6. HP: 21/33 MP: 4/12
  3642 | D:3      | Reached skill level 8 in Conjurations
  4188 | D:4      | Found a glowing silver altar of Zin.
  4204 | D:4      | Reached skill level 1 in Fighting
  4204 | D:4      | Reached skill level 1 in Short Blades
  4204 | D:4      | Reached XP level 7. HP: 38/38 MP: 5/14
  5391 | D:5      | Entered Level 5 of the Dungeon
  5636 | D:5      | Reached skill level 9 in Conjurations
  5838 | D:5      | Reached XP level 8. HP: 38/43 MP: 7/16
  5970 | D:5      | Noticed a wyvern
  5983 | D:5      | Killed a wyvern
  5984 | D:5      | Reached skill level 5 in Spellcasting
  6299 | D:5      | Found a burning altar of Makhleb.
  6836 | D:5      | Found a basalt altar of Yredelemnul.
  6845 | D:5      | Found a broken altar of Ashenzari.
  6918 | D:5      | Found a staircase to the Ecumenical Temple.
  6936 | Temple   | Entered the Ecumenical Temple
  6988 | Temple   | Became a worshipper of Vehumet
  7180 | D:6      | Reached skill level 10 in Conjurations
  7778 | D:6      | Reached XP level 9. HP: 48/48 MP: 14/19
  7875 | D:6      | Found an opulent altar of Gozag.
  8134 | D:7      | Found Cumol's Magic Scroll Boutique.
  8144 | D:7      | Bought a scroll of enchant weapon for 105 gold pieces
  8144 | D:7      | Bought a scroll of identify for 28 gold pieces
  8144 | D:7      | Bought a scroll of magic mapping for 49 gold pieces
  8144 | D:7      | Bought a scroll of identify for 28 gold pieces
  8144 | D:7      | Bought a scroll of fog for 28 gold pieces
  8201 | D:7      | Learned a level 3 spell: Dazzling Flash
  8205 | D:7      | Learned a level 3 spell: Stone Arrow
  8721 | D:7      | Killed from afar by an electric eel

Illustrated notes

Levels and vault maps discovered:
D:1:      lightli_arrival_flooded_house, layout_loops_corners
D:2:      layout_rooms
D:3:      layout_rooms, hex_intersection, minmay_mini_jars, uniq_terence
D:4:      layout_layer_cave, mainiacjoe_overflow_catwalk,
          chequers_serial_rivers_large_a
D:5:      layout_basic, amcnicky_altar_gilded, mainiacjoe_overflow_swirl,
          minmay_temple_entry_offerings, hangedman_decor_opposing,
          amcnicky_mini_corridor_feature, chequers_serial_rivers_small_a
D:6:      layout_rooms, grunt_gozag_breadcrumbs
D:7:      layout_gridville, mainiacjoe_overflow_brackets, serial_shops,
          shop_coins, shop, kennysheep_mini_moat, nicolae_shop_advertising_works
          [nicolae_subvault_shop_adworks], nicolae_diamond_shop,
          ebering_ghost_disaster_area, st_stairs_6, kb_lookout_dungeons_type,
          chequers_big_river, minmay_holes, hex_medium,
          kennysheep_generic_room_16, uniq_maggie
Temple:   cyrus_temple_forest

Skill      XL: |  1  2  3  4  5  6  7  8 |
---------------+-------------------------+-----
Conjurations   | 6 7 8 9 10 | 10.9
Spellcasting   | 3 4 6 |  6.8
Stealth        | 3 4 |  4.2
Fighting       | 1 |  1.9
Short Blades   | 1 |  1.9
Dodging        | 3 4 |  4.4
Axes           | |  0.2

Action                   |  1- 3 |  4- 6 |  7- 9 || total
-------------------------+-------+-------+-------++-------
Melee: Hand axe          |     3 |       |       ||     3
       Kick              |     4 |     4 |     3 ||    11
       Peck              |     2 |     2 |     3 ||     7
       Short sword       |     4 |    15 |       ||    19
       Dagger            |       |     7 |    10 ||    17
 Cast: Magic Dart        |    79 |    75 |    92 ||   246
       Searing Ray       |       |    15 |    37 ||    52
  Use: Scroll            |       |     2 |     3 ||     5
Armor: Robe              |     3 |     3 |     5 ||    11
Dodge: Dodged            |     6 |    23 |    40 ||    69
